 Dungeon Crawl Stone Soup version 0.24-a0-443-g80245de385 (webtiles) character file.

Game seed: 7208881805838957632

30 galech the Skirmisher (level 3, 0/29 HPs)
             Began as a Demonspawn Fighter on June 21, 2019.
             Slain by Sigmund
             ... wielding a +1 vampiric scythe
              (7 damage)
             ... on level 2 of the Dungeon.
             The game lasted 00:01:09 (504 turns).

galech the Skirmisher (Demonspawn Fighter)           Turns: 504, Time: 00:01:10

Health: 0/29       AC: 12    Str: 21    XL:     3   Next: 5%
Magic:  3/3        EV:  7    Int:  9    God:
Gold:   45         SH:  0    Dex: 13    Spells: 2/2 levels left

rFire    . . .     SeeInvis .   a - +0 war axe
rCold    . . .     Gourm    .   c - +0 shield
rNeg     . . .     Faith    .   b - +0 scale mail
rPois    .         Spirit   .   (no helmet)
rElec    .         Reflect  +   q - +2 cloak
rCorr    .         Harm     .   (no gloves)
MR       .....                  (no boots)
Stlth    ..........             g - +4 amulet of reflection
HPRegen  0.09/turn              (no ring)
MPRegen  0.08/turn              (no ring)

@: confused, mighty
A: slimy green scales 2
a: no special abilities


You were on level 2 of the Dungeon.
You were not hungry.

You visited 1 branch of the dungeon, and saw 2 of its levels.

You collected 45 gold pieces.

Inventory:

Hand Weapons
 a - a +0 war axe (weapon)
Armour
 b - a +0 scale mail (worn)
 c - a +0 shield (worn)
 q - a +2 cloak (worn)
Jewellery
 g - a +4 amulet of reflection (around neck)
Scrolls
 e - a scroll of noise {unknown}
 i - a scroll of amnesia {unknown}
 k - a scroll of identify {unknown}
 l - a scroll of remove curse {unknown}
 m - a scroll of enchant weapon {unknown}
 n - a scroll of blinking {unknown}
 o - a scroll of teleportation {unknown}
Potions
 h - a potion of berserk rage {unknown}
 p - a potion of flight {unknown}
Comestibles
 f - 3 rations
 j - 4 chunks of flesh


   Skills:
 + Level 3.2 Fighting
 + Level 2.0 Axes
 + Level 3.0 Armour
 + Level 0.1 Dodging
 + Level 3.2 Shields


You had 2 spell levels left.
You didn't know any spells.
Your spell library was empty.

Dungeon Overview and Level Annotations

Branches:
Dungeon (2/15)

Altars:
Vehumet

Annotations:
D:2 Sigmund


Innate Abilities, Weirdness & Mutations

You are mostly covered in slimy green scales. (AC +3)


Message History

Something hits you but does no damage.
You miss something. Something hits you.
You closely miss something. Something hits you but does no damage.
You closely miss something.
You hear some strange, mumbled words.
You are confused.
You bump into the rock wall.
Something hits you but does no damage.
You're too confused to move!
You bump into the rock wall.
You hear some strange, mumbled words.
A magic dart appears from out of thin air!
The magic dart hits you! Something hits you but does no damage.
You bump into the rock wall.
You hear some strange, mumbled words.
A puff of flame appears from out of thin air!
The puff of flame hits you!
* * * LOW HITPOINT WARNING * * *
You bump into the rock wall.
Something hits you!
You die...

#..# #..#
#..# ##..#
#._.#####.#
#..........
#...#####.##
#.##†{......
#.##@####...
#<##.#
#.##.#
#.##.#
#.##.#
#.##.#
#.##.#
...... #.(


There were no monsters in sight!

Vanquished Creatures
  A dart slug (D:2)
  5 bats (D:1)
  A giant cockroach (D:2)
  3 goblins (D:1)
  7 hobgoblins (D:1)
  2 frilled lizards (D:1)
  4 kobolds (D:1)
  3 rats (D:1)
26 creatures vanquished.

Notes
Turn   | Place    | Note
-------+----------+-------------------------------------------
     0 | D:1      | galech the Demonspawn Fighter began the quest for the Orb.
     0 | D:1      | Reached XP level 1. HP: 18/18 MP: 1/1
   139 | D:1      | Gained mutation: You are partially covered in slimy green
                  | scales. (AC +2) [demonic ancestry]
   139 | D:1      | Reached XP level 2. HP: 24/24 MP: 2/2
   480 | D:2      | Found a radiant altar of Vehumet.
   488 | D:2      | Noticed Sigmund
   491 | D:2      | Gained mutation: You are mostly covered in slimy green
                  | scales. (AC +3) [demonic ancestry]
   491 | D:2      | Reached XP level 3. HP: 26/29 MP: 3/3
   504 | D:2      | Slain by Sigmund

Levels and vault maps discovered:
D:1:      dpeg_arrival_short_road, layout_basic, chequers_serial_rivers_micro_c,
          minmay_pentomino_q4
D:2:      layout_loops_ring, overflow_temple_1_default, elyvilon_altar_1,
          serial_glass, glass_columns_b, glass_columns_c,
          nicolae_ru_great_annihilating_truth, uniq_sigmund

Skill      XL: |  1  2 |
---------------+-------+-----
Shields        | 3 |  3.2
Axes           | 2 |  2.0
Armour         | 3 |  3.0
Fighting       | |  3.2
Dodging        | |  0.1

Action                   || total
-------------------------++-------
Melee: War axe           ||    82
  Use: Potion            ||     1
Armor: Scale mail        ||    49
Dodge: Dodged            ||    20
Block: Shield            ||    90
       Reflection        ||     1

Table legend:
 A = Non-vault XP
 B = Vault XP
 C = Vault XP percentage of total XP
 D = Non-vault monster count
 E = Vault monster count
 F = Vault count percentage of total count
                 A         B        C        D         E       F
            +---------+---------+-------+---------+---------+-------
      Total |      40 |       4 |   9.1 |      24 |       2 |   7.7
            +---------+---------+-------+---------+---------+-------
        D:1 |      34 |       4 |  10.5 |      22 |       2 |   8.3
        D:2 |       6 |       0 |   0.0 |       2 |       0 |   0.0
            +---------+---------+-------+---------+---------+-------
